AoeStats
← ImTeso24TTV

Arabian Desert

510669703Analyzed
1v1 RM · 6h ago on Oct 2, 2026· 43m 23s· 2 players
Game mode
Random Map
Map size
Tiny (2 player)
Population
200
Speed
Normal
Resources
Standard
Victory
Conquest
Starting age
Dark Age
Ending age
Imperial Age
RankedLock teamsTeams togetherTeam positionsShared explorationLock speedFull tech treeHidden civsTurbo modeCheats
Victory
Defeat
🇺🇸 Hindustanis · United States
1337
+18
🇨🇴 Varangians · Colombia
1388
-18
amobe1190
7:48 Loom
10:04 Feudal Age
10:04 Man-at-Arms
14:24 Double-Bit Axe
17:06 Fletching
21:57 Castle Age
21:09 Padded Archer Armor
21:16 Horse Collar
22:13 Bloodlines
22:42 Bodkin Arrow
23:57 Town Watch
25:02 Wheelbarrow
25:55 Husbandry
27:19 Ballistics
28:21 Leather Archer Armor
31:27 Thumb Ring
38:02 Imperial Age
38:49 Bracer
38:55 Heavy Cavalry Archer
40:59 Siege Engineers
43:52 Chemistry
ImTeso24TTV
7:30 Loom
9:50 Feudal Age
10:22 Double-Bit Axe
10:05 Man-at-Arms
20:49 Castle Age
21:24 Bloodlines
21:07 Fletching
23:23 Horse Collar
25:49 Bodkin Arrow
25:55 Padded Archer Armor
26:54 Double-Bit Axe
31:39 Ballistics
32:52 Husbandry
34:39 Leather Archer Armor
43:22 Imperial Age
42:02 Elite Skirmisher
Connection lost

Rejoining the realm…

Still unreachable

The connection could not be restored.

Session expired

The server has moved on; the page needs a fresh start.